[Event "*** Titled Tuesday Blitz"]
[Site "Chess.com"]
[Date "2020.10.20"]
[Round "8"]
[White "Annawel"]
[Black "K_A_S_T_O_R"]
[Result "1-0"]
[WhiteElo "2939"]
[BlackElo "2820"]
[TimeControl "180+1"]
[EndTime "11:37:29 PDT"]
[Termination "Annawel won on time"]

1. e4 c5 2. Nf3 d6 3. d4 cxd4 4. Nxd4 Nf6 5. Nc3 a6 6. Nb3 Nc6 7. Be2 g6 8. Be3 Bg7 9. Nd5 Nd7 10. Rb1 O-O 11. O-O e6 12. Nc3 Qc7 13. Qd2 Nf6 14.
Rbd1 Rd8 15. Bf4 Ne8 16. Bg5 Rd7 17. f4 b5 18. a3 b4 19. axb4 Nxb4 20. f5 Rb8 21.
Kh1 Be5 22. Nd4 Ng7 23. Nf3 exf5 24. exf5 Nxf5 25. Ne4 Bg7 26. c3 Bb7 27. Nf6+ Bxf6 28. Bxf6 Nd5 29. Bd4 Nxd4 30. Nxd4 Re7 31. Rf2 Ne3 32.
Rg1 Rbe8 33. Bf3 Bxf3 34. Rxf3 Qb7 35. Qf2 Ng4 36. Qg3 Ne5 37. Rf2 Nc4 38. Nf5 Rd7 39. Rgf1 Kh8 40. Qh4 gxf5 41. Qxc4 Re5 42. Qh4 Qe4 43.
Qf6+ Kg8 44. Rf3 Re6 45. Rg3+ Kf8 46. Qg7+ Ke7 47. Qxh7 f4 48. Qh4+ Rf6 49. Rgf3 Qf5 50. Rxf4 1-0

[Event "*** Titled Tuesday Blitz"]
[Site "Chess.com"]
[Date "2020.10.20"]
[Round "8"]
[White "TudorAnton"]
[Black "Trickov"]
[Result "1-0"]
[WhiteElo "2472"]
[BlackElo "2341"]
[TimeControl "180+1"]
[EndTime "11:37:29 PDT"]
[Termination "TudorAnton won on time"]

1. d4 d5 2. c4 c6 3. Nf3 Nf6 4. Qc2 dxc4 5. Qxc4 Be6 6. Qc2 Bd5 7. Nc3 Bxf3 8.
exf3 Qxd4 9. Be3 Qb4 10. O-O-O e6 11. Nb5 Na6 12. a3 Qa5 13. Nc3 Be7 14. h4 O-O 15. h5 Rfd8 16. Bd3 Nc5 17. Be2 Rxd1+ 18. Bxd1 Rd8 19. Be2 Nd5 20. Nxd5 cxd5 21. Kb1 Qa4 22. Qc3 b6 23. Bd4 e5 24. Bxe5 d4 25.
Qc4 d3 26. Qxa4 Nxa4 27. Bd1 Nc5 28. h6 g6 29. b4 Nd7 30. Bc3 Bf6 31. Kb2 Bxc3+ 32.
Kxc3 Ne5 33. Bb3 Kf8 34. Re1 f6 35. f4 Nf7 36. Kd2 Nxh6 37. Re6 f5 38. Rc6 Rd7 39. Be6 Re7 40. Kxd3 Ng4 41. f3 Nf6 42. Bxf5 Nd5 43. Be4 Nxf4+ 44. Ke3 Nxg2+ 45. Kf2 Nf4 46. Rc8+ Kg7 47.
a4 h5 48. Kg3 Ne6 49. Rc6 Ng5 50. Rxg6+ Kf7 51. Rxg5 1-0

[Event "*** Titled Tuesday Blitz"]
[Site "Chess.com"]
[Date "2020.10.20"]
[Round "8"]
[White "JoachimMouhamad"]
[Black "Quiet_Desperation"]
[Result "0-1"]
[WhiteElo "2285"]
[BlackElo "1855"]
[TimeControl "180+1"]
[EndTime "11:37:29 PDT"]
[Termination "Quiet_Desperation won on time"]

1. e4 e6 2. d4 d5 3. Nc3 Nf6 4. e5 Nfd7 5. f4 c5 6. Nf3 Nc6 7. Be3 Be7 8. Qd2 O-O 9. dxc5 Nxc5 10. O-O-O a6 11. Kb1 b5 12. Bd3 b4 13. Ne2 Nxd3 14. cxd3 a5 15. Rc1 Qd7 16. Ned4 Nxd4 17. Nxd4 Bb7 18. Rc2 Rfc8 19. Rhc1 Rxc2 20. Rxc2 Rc8 21. Rxc8+ Qxc8 22. Qc2 Qd7 23. g3 h6 24. h4 Bd8 25.
Qc5 Ba6 26. Kc2 Qa4+ 27. Nb3 Qxa2 28. Nc1 Qa4+ 29. b3 Qd7 30. h5 g6 31. hxg6 fxg6 32. Qa7 Qc6+ 33. Qc5 Qxc5+ 34. Bxc5 g5 35. Ne2 Kf7 36. Be3 g4 37. Bc5 h5 38. Bf2 Bc8 39. Kd2 Bd7 40. Kc2 a4 41. bxa4 Bxa4+ 42. Kb2 Bb5 43. Kc2 Be7 44. Nc1 Ba4+ 45. Kd2 Kg6 46. Be1 Kf5 47. Ne2 Bc5 48. Kc1 b3 49. Kb2 Bb5 50. Kc3 b2 51. Kxb2 Bxd3 0-1

[Event "*** Titled Tuesday Blitz"]
[Site "Chess.com"]
[Date "2020.10.20"]
[Round "8"]
[White "dosto07"]
[Black "kleopl"]
[Result "0-1"]
[WhiteElo "2330"]
[BlackElo "2444"]
[TimeControl "180+1"]
[EndTime "11:37:30 PDT"]
[Termination "kleopl won by resignation"]

1. e4 c6 2. d4 d5 3. Nc3 a6 4. Nf3 Bg4 5. h3 Bxf3 6. Qxf3 e6 7. Be3 Nf6 8. Bd3 dxe4 9. Nxe4 Nxe4 10. Bxe4 Nd7 11.
O-O-O Nf6 12. Bd3 Qd5 13. Qxd5 cxd5 14. Kb1 Be7 15. g4 Kd7 16. c3 h5 17. g5 Ne8 18.
h4 g6 19. a4 Bd6 20. c4 dxc4 21. Bxc4 Nc7 22. d5 exd5 23. Bxd5 Nxd5 24. Rxd5 Kc6 25.
Rhd1 Rad8 26. R5d3 b5 27. Bd4 Rhe8 28. Bf6 Rd7 29. Rc1+ Kb7 30. axb5 axb5 31. Rd5 b4 32. Rb5+ Ka6 33. Rd5 Re6 34. Ka2 Kb7 35. Kb3 Rc7 36.
Rxc7+ Kxc7 37. Kc4 Re4+ 38. Rd4 Re2 39. Kb5 Rxf2 40.
Rc4+ Kd7 41. Rc1 Rf5+ 42. Kb6 Rd5 43. Ra1 Bg3 44. Ra7+ Ke6 45. Re7+ Kf5 46. Rxf7 Bxh4 47. Rf8 Bxg5 48. Be7+ Kg4 49. Bxb4 Be3+ 50. Kc6 Rf5 51. Re8 Bf2 52. Bd6 g5 53. b4 h4 54. b5 Bg3 55.
Re2 Rf6 56. Re4+ Kh5 57. Rd4 h3 58. b6 h2 59. b7 h1=Q+ 60. Kc7 Rxd6 61. Rxd6 Bxd6+ 62. Kxd6 Qxb7 0-1

[Event "*** Titled Tuesday Blitz"]
[Site "Chess.com"]
[Date "2020.10.20"]
[Round "8"]
[White "KatarinaOstojic"]
[Black "shnitez"]
[Result "1-0"]
[WhiteElo "2346"]
[BlackElo "2433"]
[TimeControl "180+1"]
[EndTime "11:37:31 PDT"]
[Termination "KatarinaOstojic won on time"]

1. d4 Nf6 2. Nf3 d5 3. c4 e6 4. Nc3 Be7 5. Bg5 O-O 6. e3 Nbd7 7. Rc1 a6 8. Be2 dxc4 9. Bxc4 b5 10. Bd3 Bb7 11. O-O c5 12. a4 b4 13. Nb1 Bxf3 14. Qxf3 cxd4 15. exd4 Qa5 16. Bxf6 Nxf6 17. b3 Rad8 18.
Rfd1 Rd6 19. Qb7 Re8 20. Nd2 Rxd4 21. Nc4 Qd5 22. Qxd5 Rxd5 23. Ne3 Rd6 24. Nc4 Rd7 25. Nb6 Ra7 26. Nc8 Ra8 27. Nb6 Ra7 28. Nc8 Ra8 29. Nb6 Rab8 30. a5 Bd8 31. Rc6 Bxb6 32. Rxb6 Rxb6 33. axb6 Nd5 34. b7 a5 35. Bb5 Rb8 36. Bc6 Kf8 37. Ra1 Ne7 38. Bf3 Ke8 39. Rxa5 Kd7 40. Rb5 Nd5 41. Bxd5 exd5 42. Rxd5+ Kc6 43.
Rf5 Rxb7 44. Rf4 Kb5 45. g3 Rc7 46. Kg2 f6 47. Rf5+ Rc5 48. Rf4 Rc3 49. Rf3 Kc5 50.
Rf5+ Kc6 51. Rf3 Kd5 52. Rf5+ Kd6 53. Rf3 1-0

[Event "*** Titled Tuesday Blitz"]
[Site "Chess.com"]
[Date "2020.10.20"]
[Round "8"]
[White "tlomigtlis"]
[Black "Slovak_fighter2000"]
[Result "0-1"]
[WhiteElo "2563"]
[BlackElo "2432"]
[TimeControl "180+1"]
[EndTime "11:37:32 PDT"]
[Termination "Slovak_fighter2000 won by resignation"]

1. d4 Nf6 2. c4 g6 3. Nc3 Bg7 4.
g3 O-O 5. Bg2 d6 6. Nf3 c6 7.
O-O Bf5 8. h3 Ne4 9. Qb3 Nxc3 10.
Qxc3 Be4 11. Be3 d5 12. Qb3 Qb6 13. Qa3 e6 14. c5 Qa6 15. Qb4 b6 16. cxb6 axb6 17.
Qd2 Bxf3 18. Bxf3 Nd7 19. Rae1 Qxa2 20. Rc1 c5 21. dxc5 bxc5 22. Bxc5 Nxc5 23. Rxc5 Qxb2 24. Qxb2 Bxb2 25. Rd1 Rfc8 26. Rb5 Rab8 27. Rxb8 Rxb8 28. Rb1 Kg7 29. e3 h5 30. h4 Kf6 31. Kf1 Ke7 32.
Ke2 Be5 33. Rxb8 Bxb8 34. Kd3 Kd6 35. e4 Ke5 36. exd5 exd5 37. Bg2 Bc7 38. Ke3 Bb6+ 39.
Ke2 d4 40. Kd3 Ba5 41. Bb7 Be1 42. Ke2 Bc3 43. Kd3 Kf5 44. Bc8+ Ke5 45. Bb7 f6 46.
Bc6 g5 47. Bf3 g4 48. Bb7 f5 49. Bc8 f4 50. Ke2 f3+ 51. Kd1 d3 52. Ba6 Bd4 53.
Ke1 d2+ 54. Kxd2 Bxf2 55. Bc4 Bxg3 56. Bf7 Bxh4 57. Bxh5 Kf4 58. Kd1 g3 0-1

[Event "*** Titled Tuesday Blitz"]
[Site "Chess.com"]
[Date "2020.10.20"]
[Round "8"]
[White "PawnEatingZombie"]
[Black "akanga001"]
[Result "0-1"]
[WhiteElo "2146"]
[BlackElo "1886"]
[TimeControl "180+1"]
[EndTime "11:37:32 PDT"]
[Termination "akanga001 won on time"]

1. d4 d5 2. c4 e6 3. Nc3 Nf6 4.
cxd5 exd5 5. Bg5 c6 6. e3 Be7 7. Bd3 O-O 8. Qc2 Nbd7 9. Nge2 Re8 10. f3 Nf8 11. O-O g6 12. Rad1 Ne6 13. Bh4 Ng7 14. Bf2 Bf5 15. e4 dxe4 16. fxe4 Bg4 17. h3 Be6 18. a3 Qb6 19. Kh1 Bb3 20. Qc1 Bxd1 21. Nxd1 Qa5 22. Ndc3 Rad8 23. e5 Nd5 24. Ne4 Nf5 25.
g4 Nh4 26. Qh6 Nf3 27. Be3 Bf8 28. Rxf3 Bxh6 29. Bxh6 Qe1+ 30. Kg2 b6 31. Bg5 Rb8 32. Bc4 b5 33. Rf1 Qa5 34. Bxd5 cxd5 35. Nf6+ Kg7 36. Nd7 h6 37. Bf6+ Kh7 38. Nc5 Qd2 39. Rf2 b4 40. h4 bxa3 41. bxa3 Rb2 42. h5 gxh5 43. gxh5 Rg8+ 44. Kh2 Qe1 45. Bh4 Qd2 46. Rxf7+ Rg7 47. Rf2 Qe3 0-1

[Event "*** Titled Tuesday Blitz"]
[Site "Chess.com"]
[Date "2020.10.20"]
[Round "8"]
[White "dretch"]
[Black "Illingworth"]
[Result "1-0"]
[WhiteElo "2822"]
[BlackElo "2891"]
[TimeControl "180+1"]
[EndTime "11:37:33 PDT"]
[Termination "dretch won by resignation"]

1. d4 Nf6 2. c4 c5 3. d5 b5 4. cxb5 a6 5. bxa6 g6 6. Nc3 Bg7 7. e4 O-O 8. Nf3 Qa5 9. Nd2 Bxa6 10. Be2 Bxe2 11. Qxe2 e6 12. O-O exd5 13. exd5 Re8 14. Qc4 d6 15. Nb5 Qb6 16. Qb3 Ra6 17. Nc4 Qd8 18.
Bg5 h6 19. Bxf6 Qxf6 20. Nc7 Rd8 21. Nxa6 Nxa6 22. Rfe1 Nb4 23. Rad1 Qf5 24. Ne3 Qd7 25.
a3 Na6 26. Qb6 Nc7 27. b4 cxb4 28. axb4 Nb5 29. Qc6 Nc3 30. Rc1 Qxc6 31. dxc6 Rc8 32. Rxc3 Bxc3 33. Nd5 Bxe1 34. Ne7+ Kf8 35. Nxc8 Ke8 36.
Nxd6+ Kd8 37. Nxf7+ Kc7 38. b5 h5 39. h4 Bc3 40. f4 Kb6 41. Ne5 Ba5 42. Nxg6 Kxb5 43. f5 Kxc6 44. f6 Bb6+ 45. Kh2 Bc5 46. f7 Kd5 47.
f8=Q Bxf8 48. Nxf8 Ke5 49. Kh3 Kf5 50. Nd7 Ke6 51. Nb6 Kf5 52. Nc4 Kf4 53. Nd2 Kf5 54. Nf3 Ke4 55. Kg3 Kf5 56. Ng5 Ke5 57. Nh3 Kf5 58.
Nf4 Kf6 59. Nxh5+ Kf5 60. Nf4 1-0

[Event "*** Titled Tuesday Blitz"]
[Site "Chess.com"]
[Date "2020.10.20"]
[Round "8"]
[White "TorFredrikKaasen"]
[Black "WuinaterJr"]
[Result "0-1"]
[WhiteElo "2686"]
[BlackElo "2540"]
[TimeControl "180+1"]
[EndTime "11:37:33 PDT"]
[Termination "WuinaterJr won on time"]

1. d4 Nf6 2. c4 e6 3. Nf3 d5 4.
Nc3 Bb4 5. cxd5 exd5 6. Bf4 O-O 7.
e3 c6 8. Bd3 Bg4 9. O-O Nbd7 10. a3 Be7 11. b4 Rc8 12. Be2 Re8 13. Rb1 Bf8 14. a4 Ne4 15. Nxe4 dxe4 16. Nd2 Bxe2 17.
Qxe2 Nb6 18. Bg3 Nxa4 19. Ra1 b5 20. Qg4 Qd5 21. Be5 Nc3 22. Rfc1 f5 23. Qxf5 Ne2+ 24. Kh1 Nxc1 25. Rxc1 Qf7 26. Qg4 Kh8 27. Nxe4 Bxb4 28. Ng5 Qg6 29. Qh4 Be7 30. f4 Bxg5 31. fxg5 a5 32. Qg4 Qe6 33. Qg3 a4 34. h4 Qf7 35.
h5 Qxh5+ 36. Kg1 a3 37. Ra1 Ra8 38. Qf4 Qg6 39. g4 a2 40. Qf5 Qxf5 41. gxf5 b4 42. f6 b3 43. f7 Rf8 44. d5 cxd5 45. g6 hxg6 46. Kg2 Rxf7 47. Rh1+ Kg8 48. Ba1 Rb7 49. Bb2 Rc7 50. Kf3 Rc2 51. Bd4 b2 52. Rh2 Rxh2 0-1

[Event "*** Titled Tuesday Blitz"]
[Site "Chess.com"]
[Date "2020.10.20"]
[Round "8"]
[White "talman67"]
[Black "googlegoom"]
[Result "1-0"]
[WhiteElo "2531"]
[BlackElo "2371"]
[TimeControl "180+1"]
[EndTime "11:37:34 PDT"]
[Termination "talman67 won on time"]

1. e4 c5 2. Nf3 Nc6 3. d4 cxd4 4.
Nxd4 Qb6 5. Nb3 Nf6 6. Nc3 e6 7. Qe2 d6 8. g4 a6 9. g5 Nd7 10. Be3 Qc7 11. O-O-O b5 12. f4 Bb7 13. Qf2 Na5 14.
Bd3 Nc4 15. Kb1 Nxe3 16. Qxe3 Be7 17. h4 Nb6 18. Na5 Bc8 19. a3 Rb8 20. f5 Nd7 21. Nb3 Ne5 22. Rhf1 b4 23. axb4 Rxb4 24. Be2 Qb8 25.
Rd4 Rb6 26. Ra4 Qc7 27. f6 gxf6 28. gxf6 Bf8 29. Rg1 Nd7 30. Qf4 Nc5 31. Nxc5 Qxc5 32. Rg3 Qe5 33. Qxe5 dxe5 34. Rc4 Bd7 35. Rc7 Bb4 36.
Ra7 Bc8 37. Na4 Rc6 38. Rg7 Rf8 39. Bh5 Bd7 40. Be2 Rc8 41. Nb6 Rd8 42. Bxa6 Bc6 43. c3 Bxe4+ 44. Ka2 Bc5 45. Bb5+ 1-0

[Event "*** Titled Tuesday Blitz"]
[Site "Chess.com"]
[Date "2020.10.20"]
[Round "8"]
[White "GMTalks_Youtube"]
[Black "Sychev_Klementy"]
[Result "0-1"]
[WhiteElo "2612"]
[BlackElo "2864"]
[TimeControl "180+1"]
[EndTime "11:37:35 PDT"]
[Termination "Sychev_Klementy won by resignation"]

1. d4 Nf6 2. Bf4 d5 3. e3 g6 4. Nc3 Bg7 5. h4 c6 6. h5 Nxh5 7. Rxh5 gxh5 8. Qxh5 Nd7 9. Nf3 Nf6 10. Qh2 Bf5 11.
O-O-O Bg6 12. Be2 Ne4 13. Nxe4 Bxe4 14. Ne5 Bg6 15. Bg4 e6 16. Kb1 Qe7 17. Be2 f6 18. Nd3 Rd8 19. Bg3 b6 20. Bh5 Qf7 21. Nf4 e5 22.
dxe5 fxe5 23. Bxg6 hxg6 24. Nh3 Rh5 25. f3 Kd7 26.
Qg1 Kc8 27. Nf2 Kb7 28. Qf1 Bf6 29. Ng4 Bg7 30. a4 Qe6 31. Nf2 Rd7 32. a5 Rh8 33.
Nd3 c5 34. e4 d4 35. a6+ Ka8 36. b3 Rc8 37. Nb2 Bf6 38. Qb5 Qc6 39. Qxc6+ Rxc6 40. Nd3 Re7 41. Rh1 b5 42. Rh6 Bg7 43. Rh7 c4 44. Nxe5 Bxe5 45. Rxe7 Bxg3 46. Re8+ Bb8 47.
e5 Rxa6 48. e6 Rd6 49. bxc4 bxc4 50. Kc1 a5 51. Kd2 a4 52. e7 Re6 0-1

[Event "*** Titled Tuesday Blitz"]
[Site "Chess.com"]
[Date "2020.10.20"]
[Round "8"]
[White "chesstrainer2042"]
[Black "Swarnapuri"]
[Result "1-0"]
[WhiteElo "2474"]
[BlackElo "2610"]
[TimeControl "180+1"]
[EndTime "11:37:35 PDT"]
[Termination "chesstrainer2042 won by resignation"]

1. d4 Nc6 2. Nf3 d5 3. Bf4 Bg4 4. e3 e6 5. Be2 Bd6 6. Bg3 Nf6 7.
Nbd2 O-O 8. O-O Bxg3 9. hxg3 Ne7 10. c4 c6 11. Qc2 Bf5 12. Qb3 Rb8 13. a4 Re8 14. a5 Ng6 15. Qc3 a6 16. Rfd1 Qc7 17.
b4 Rbd8 18. Nb3 e5 19. dxe5 Nxe5 20. Nxe5 Rxe5 21. cxd5 Nxd5 22. Qb2 Rde8 23. Nc5 Bc8 24. Bf3 Nf6 25. Rd2 h5 26. Rad1 Bg4 27. Qd4 Nd5 28. e4 Nf6 29. Qd6 Qc8 30. Qxe5 Rxe5 31. Rd8+ Qxd8 32. Rxd8+ Kh7 33. Bxg4 hxg4 34. f3 Re7 35.
Rb8 Nh5 36. Kf2 Kg6 37. Rxb7 Re8 38. Rb6 Rd8 39. Rxc6+ Kh7 40. fxg4 Nf6 41. Kf3 Rd1 42. g5 Nd7 43. Nxd7 Rxd7 44. Rxa6 Rd3+ 45. Kg4 Rd4 46. Rb6 Rxe4+ 47. Kh3 Re1 48. a6 f5 49. gxf6 Kg6 50.
fxg7+ Kh5 51. Rb5+ Kg6 52. g8=Q+ 1-0

[Event "*** Titled Tuesday Blitz"]
[Site "Chess.com"]
[Date "2020.10.20"]
[Round "8"]
[White "Lion-Al-Messi"]
[Black "BanjoKazooieN64"]
[Result "1-0"]
[WhiteElo "2567"]
[BlackElo "2389"]
[TimeControl "180+1"]
[EndTime "11:37:35 PDT"]
[Termination "Lion-Al-Messi won on time"]

1. d4 Nf6 2. Nf3 g6 3. Nc3 Bg7 4. e4 O-O 5. e5 Ne8 6. Be2 d6 7. O-O c5 8. exd6 cxd4 9. dxe7 Qxe7 10. Nxd4 Nc6 11. Nxc6 bxc6 12. Be3 Rb8 13. Rb1 Be6 14. Bf3 Nf6 15. Re1 Rfd8 16. Qe2 Qb4 17. a3 Qa5 18. h3 Nd7 19. Bd2 Ne5 20. Ne4 Nxf3+ 21. gxf3 Qh5 22. Bc3 Bxh3 23. Bxg7 Kxg7 24. Qe3 Rd5 25.
Qc3+ Qe5 26. Qxe5+ Rxe5 27. b4 Bf5 28. Rbd1 Rbe8 29.
Rd4 Be6 30. Re3 Bd5 31. Rc3 f5 32. Nd2 Re1+ 33. Kg2 h5 34. Nc4 h4 35. Ne3 h3+ 36. Kxh3 Rh8+ 37. Kg2 Rhh1 38. Kg3 Kf6 39. Nxd5+ cxd5 40.
Rc6+ Kg5 41. f4+ Kh5 42. Rc7 Kh6 43. Rxd5 Reg1+ 44. Kf3 Rh3+ 45. Ke2 Rh4 46. Rd4 Rgg4 47. Ke3 Rg2 48. Rdd7 Rh3+ 49. f3 1-0

[Event "*** Titled Tuesday Blitz"]
[Site "Chess.com"]
[Date "2020.10.20"]
[Round "8"]
[White "1977Ivan"]
[Black "dropstoneDP"]
[Result "1/2-1/2"]
[WhiteElo "2690"]
[BlackElo "2839"]
[TimeControl "180+1"]
[EndTime "11:37:36 PDT"]
[Termination "Game drawn by repetition"]

1. d4 Nf6 2. Nf3 g6 3. Nbd2 d5 4. c4 c5 5. cxd5 cxd4 6. Qa4+ Qd7 7. Qxd4 Qxd5 8. e4 Qxd4 9. Nxd4 Bg7 10. e5 Nd5 11.
Nc4 O-O 12. Bd2 Bd7 13. Be2 Nc6 14. Nxc6 Bxc6 15. O-O Bb5 16. Rfe1 Rfd8 17. Rac1 Rac8 18. b3 Nb6 19. Bg5 Kf8 20. Bg4 Rc6 21. Bf3 Rc7 22.
Nxb6 Rxc1 23. Rxc1 axb6 24. Rc7 f6 25. exf6 exf6 26. Be3 Bc6 27. h4 Bxf3 28. gxf3 b5 29. Rxb7 Ra8 30. a3 Kg8 31. Bc5 Bf8 32. Bb4 Bxb4 33.
axb4 Ra3 34. Rxb5 Rxb3 35. Kg2 Kg7 36. Rb7+ Kh6 37. Kg3 g5 38. hxg5+ Kxg5 39. Rg7+ Kh6 40. Rg4 f5 41. Rc4 Kg5 42. Kg2 h5 43. Kg3 Rd3 44.
b5 Rb3 45. Rc5 h4+ 46. Kg2 Kf4 47. Rc4+ Kg5 48. Rc5 Kf4 49. Rc4+ Kg5 50. Rc5 1/2-1/2

[Event "*** Titled Tuesday Blitz"]
[Site "Chess.com"]
[Date "2020.10.20"]
[Round "8"]
[White "picturesquecheck"]
[Black "dennisodessa"]
[Result "0-1"]
[WhiteElo "2143"]
[BlackElo "2441"]
[TimeControl "180+1"]
[EndTime "11:37:37 PDT"]
[Termination "dennisodessa won by resignation"]

1. e4 e6 2. d4 d5 3. Nd2 Nf6 4. e5 Nfd7 5. Bd3 c5 6. c3 Nc6 7. Ne2 cxd4 8. cxd4 f6 9. exf6 Qxf6 10. Nf3 h6 11. O-O Bd6 12. Be3 O-O 13. a3 Rd8 14.
Rc1 Nf8 15. Bb1 Bd7 16. Qd3 Be8 17. Qd2 Bg6 18. Ng3 Bxb1 19. Rxb1 Ng6 20. Rfe1 Rf8 21. b4 a6 22. Kh1 Rae8 23. Ne2 Kh7 24. Nc3 Nf4 25. Bxf4 Bxf4 26. Qd3+ Kg8 27. Na4 g5 28. Nc5 g4 29. Ng1 Qxd4 30. Qxd4 Nxd4 31. Nxb7 Bd2 32. Red1 Rxf2 33. Nc5 Be3 34. Nxa6 h5 35. b5 h4 36. b6 Nc6 37. b7 Nb8 38. Nxb8 Rxb8 39. Re1 d4 40. h3 gxh3 41. Nxh3 Ra2 42. Rb3 e5 43. Ng1 e4 44. Ne2 d3 45. Nc3 Bd2 46. Rxe4 Ra1+ 47. Rb1 Bxc3 48. Rxa1 Bxa1 49. Rb4 d2 50. Rb1 Bb2 51. Rd1 Bc1 0-1

[Event "*** Titled Tuesday Blitz"]
[Site "Chess.com"]
[Date "2020.10.20"]
[Round "8"]
[White "Sergey85Rodchenkov"]
[Black "frederiksvane"]
[Result "0-1"]
[WhiteElo "2421"]
[BlackElo "2643"]
[TimeControl "180+1"]
[EndTime "11:37:37 PDT"]
[Termination "frederiksvane won by checkmate"]

1. e4 c5 2. Nf3 e6 3. d3 Nc6 4. g3 Nf6 5. Bg2 d5 6. Nbd2 Be7 7. O-O b6 8. Re1 Bb7 9. h4 Qc7 10. exd5 exd5 11. c3 O-O 12. Nb3 h6 13. Bf4 Bd6 14. Bxd6 Qxd6 15. d4 Rae8 16. Qc2 Ne4 17.
Rad1 Qc7 18. dxc5 bxc5 19. Nfd2 Nf6 20. Nxc5 Rxe1+ 21. Rxe1 Bc8 22. Nf3 Re8 23. Rxe8+ Nxe8 24. b4 Nd6 25. Qd3 Be6 26. Nd4 Nxd4 27. Qxd4 Nf5 28. Qd3 Qe5 29. Qd2 d4 30. Nxe6 fxe6 31. cxd4 Nxd4 32.
a4 Kf7 33. b5 g5 34. hxg5 hxg5 35. Qe3 Ne2+ 36. Kh2 Qh8+ 37. Bh3 Nd4 38. Kg2 Qa8+ 39. f3 Qd5 40. Bg4 Kf6 41. Kh3 Qd8 42. Qd3 Qd5 43. Qe4 Qxe4 44. fxe4 Ke5 45. Kg2 Kxe4 46. Kf2 Kd3 47. Bh3 e5 48. Bd7 e4 49. a5 e3+ 50.
Ke1 Nf3+ 51. Kf1 e2+ 52. Kf2 e1=Q+ 53. Kxf3 Qe2# 0-1

[Event "*** Titled Tuesday Blitz"]
[Site "Chess.com"]
[Date "2020.10.20"]
[Round "8"]
[White "andresgv36"]
[Black "LaPorfia"]
[Result "1-0"]
[WhiteElo "2430"]
[BlackElo "2310"]
[TimeControl "180+1"]
[EndTime "11:37:37 PDT"]
[Termination "andresgv36 won by resignation"]

1. d4 Nf6 2. Bf4 d5 3. e3 Bf5 4. c4 c6 5. Nc3 e6 6. Qb3 Qb6 7. c5 Qxb3 8. axb3 a6 9. b4 Be7 10. b5 O-O 11. Nf3 cxb5 12. Bxb5 Nbd7 13. Ba4 Bd3 14.
Kd2 Bg6 15. b4 b5 16. Bc2 Bxc2 17. Kxc2 Nb8 18. Ne5 Ne4 19. Nxb5 f6 20. Nd3 Nc6 21. Nc7 Ra7 22. Nxe6 Rfa8 23. f3 g5 24. fxe4 dxe4 25. Nf2 gxf4 26. Nxf4 Nxb4+ 27. Kb3 Nc6 28. Nxe4 a5 29.
Nd5 Kf7 30. Nb6 Rb8 31. Kc4 Nb4 32. Rhb1 Rc7 33. Kb5 Nd5 34. Rxa5 Nxb6 35. cxb6 Rcb7 36. Ra6 f5 37. Nc5 Bxc5 38. dxc5 Re7 39. c6 Re5+ 40.
Kc4 Re4+ 41. Kd3 Rbe8 42. Re1 Rd8+ 43. Ke2 Rde8 44. Kf3 R8e6 45. b7 Rxc6 46. Rxc6 Rb4 47. Rc7+ Kg6 48. Rec1 h5 49. R1c6+ Kg5 50. g3 f4 51. h4+ Kf5 52. gxf4 Ra4 53. e4+ 1-0

[Event "*** Titled Tuesday Blitz"]
[Site "Chess.com"]
[Date "2020.10.20"]
[Round "8"]
[White "Pertinhez76"]
[Black "Kazmin_Dmitrij"]
[Result "0-1"]
[WhiteElo "2136"]
[BlackElo "2266"]
[TimeControl "180+1"]
[EndTime "11:37:38 PDT"]
[Termination "Kazmin_Dmitrij won on time"]

1. d4 f5 2. c4 Nf6 3. g3 g6 4. Bg2 Bg7 5. Nh3 O-O 6. O-O Nc6 7. e3 e5 8. d5 Ne7 9. b4 a5 10. bxa5 d6 11. Bb2 Rxa5 12. Nd2 h6 13. Nb3 Ra6 14. a4 Bd7 15. a5 Qe8 16. Qc1 g5 17. Kh1 g4 18.
Ng1 h5 19. f3 Qg6 20. c5 Bh6 21. f4 e4 22. Rd1 Nexd5 23. Qc4 Qf7 24. Bd4 Be6 25.
Qe2 Nxf4 26. gxf4 Bxb3 27. Rdb1 Bc4 28. Qb2 Bg7 29. Qxb7 Rfa8 30. cxd6 cxd6 31. Qxf7+ Kxf7 32. Rb7+ Kg6 33. Rc1 Bd5 34. Re7 Re8 35. Rcc7 Rxe7 36. Rxe7 Rxa5 37. h3 g3 38. h4 Ra2 39. Nh3 Bf8 40.
Rc7 Ng4 41. Rc1 Nf2+ 42. Kg1 Nd3 43. Rd1 Bc4 44. Rb1 Be7 45. Bf1 Bxh4 46. Bxd3 Bxd3 47. Rd1 g2 0-1

[Event "*** Titled Tuesday Blitz"]
[Site "Chess.com"]
[Date "2020.10.20"]
[Round "8"]
[White "Volodar_Murzin"]
[Black "Guenplen"]
[Result "0-1"]
[WhiteElo "2609"]
[BlackElo "2837"]
[TimeControl "180+1"]
[EndTime "11:37:41 PDT"]
[Termination "Guenplen won on time"]

1. e4 c5 2. Nf3 e6 3. g3 Nc6 4. Bg2 Nf6 5. Qe2 d6 6. O-O Be7 7. Rd1 O-O 8. d4 cxd4 9. Nxd4 Nxd4 10. Rxd4 e5 11. Rd1 Bg4 12. Bf3 Bxf3 13. Qxf3 Rc8 14. Nc3 h6 15. Be3 a6 16. Rd2 Qd7 17. Rad1 Qh3 18.
Re2 Rc4 19. Nd5 Nxd5 20. Rxd5 Rfc8 21. c3 Qe6 22. Bd2 R4c6 23. Qd3 h5 24. f4 Bf6 25. f5 Qe7 26. h4 Qc7 27. Qf3 Rc4 28. Qxh5 Qb6+ 29. Be3 Qc6 30. Qf3 b5 31. Bd2 b4 32. cxb4 Bd8 33. Kg2 f6 34. Bc3 Bb6 35.
Qd3 Bd4 36. Bxd4 exd4 37. Rxd4 Rxd4 38. Qxd4 Kh7 39. a3 Qc1 40. Qg1 Qc4 41. Qd1 Qc6 42. Kh3 Re8 43. Qd3 Qc1 44. Qf3 Kg8 45. Kg4 Re5 46.
Qb3+ Kh7 47. Qd3 Qf1 48. Re3 Qc1 49. Re2 Qf1 50. Qf3 Qd1 0-1

[Event "*** Titled Tuesday Blitz"]
[Site "Chess.com"]
[Date "2020.10.20"]
[Round "8"]
[White "Kolle05"]
[Black "dopolian"]
[Result "1-0"]
[WhiteElo "2308"]
[BlackElo "2406"]
[TimeControl "180+1"]
[EndTime "11:37:41 PDT"]
[Termination "Kolle05 won on time"]

1. e4 Nc6 2. d4 d6 3. Nf3 Bg4 4. d5 Nb8 5. Be2 g6 6. c4 Bg7 7.
Nc3 e5 8. h3 Bd7 9. Be3 f5 10.
Qc2 Nf6 11. O-O-O f4 12. Bd2 h6 13. g3 g5 14. gxf4 gxf4 15. Rdg1 Rg8 16. Nh4 a5 17. Rg6 Na6 18. Rhg1 Qe7 19. Nf5 Bxf5 20. exf5 O-O-O 21. f3 Nc5 22. a3 Nh5 23. b4 axb4 24. axb4 Na6 25.
Ne4 Qf7 26. Bd3 Bf6 27. Qa4 Kb8 28. Kc2 Rxg6 29. fxg6 Qd7 30. b5 Bh4 31. Ra1 Ng3 32. bxa6 Qxa4+ 33. Rxa4 b6 34. a7+ Ka8 35. c5 Nxe4 36.
fxe4 dxc5 37. Bb5 Rd6 38. Bc6+ Rxc6 39. dxc6 Bf6 40. Bc3 Bg7 41. Kd3 b5 42. Ra5 b4 43.
Bb2 b3 44. Kc4 f3 45. Kxc5 f2 46. Ra1 Bf6 47. Kd5 h5 48. Ke6 h4 49. Kxf6 1-0

[Event "*** Titled Tuesday Blitz"]
[Site "Chess.com"]
[Date "2020.10.20"]
[Round "8"]
[White "poppy73"]
[Black "cukin84"]
[Result "1-0"]
[WhiteElo "2231"]
[BlackElo "2046"]
[TimeControl "180+1"]
[EndTime "11:37:42 PDT"]
[Termination "poppy73 won by resignation"]

1. e4 c6 2. Nc3 d5 3. Nf3 Bg4 4. h3 Bxf3 5. Qxf3 e6 6. Be2 Nd7 7. d4 dxe4 8. Nxe4 Ngf6 9. O-O Nxe4 10. Qxe4 Nf6 11. Qd3 Be7 12. a4 a5 13. Bf4 O-O 14. Rad1 Qb6 15. b3 Rad8 16. Qc4 Nd5 17. Be5 Bf6 18. Bf3 Rc8 19. Bxf6 Nxf6 20. Qc5 Qxc5 21. dxc5 Rcd8 22. Rd6 Rxd6 23. cxd6 Rd8 24. Rd1 Rd7 25. c4 e5 26. c5 Kf8 27. Bg4 Nxg4 28. hxg4 f6 29.
Kf1 Kf7 30. Ke2 Ke6 31. Ke3 Rd8 32. Ke4 g6 33. g3 f5+ 34. gxf5+ gxf5+ 35. Ke3 Kd7 36. Rh1 Rh8 37. Rh5 b6 38. cxb6 Kxd6 39. Rxf5 Rb8 40. Rf6+ Kd5 41. Kd3 Rxb6 42. Kc3 Rb7 43. Rh6 Rf7 44. Rh2 Rf3+ 45. Kc2 Kc5 46. Kb2 e4 47. Ka3 Kd4 48. g4 c5 49. g5 c4 50. Rxh7 Rxb3+ 51. Ka2 Rf3 52. Rd7+ Kc3 53. g6 Rxf2+ 54. Ka3 Rf1 55. Ka2 e3 56. Re7 Kd2 57. Rd7+ Ke1 58. Re7 e2 59. g7 Rg1 60. Kb2 Rg3 61. Kc2 Kf1 62. Rf7+ Kg2 63. Re7 Kf2 64.
Rf7+ Kg1 65. Re7 Rg2 66. Kd2 Kf1 67. Rf7+ Kg1 68. Ke1 Kh2 69. Re7 c3 70. Rxe2 c2 71.
Rxg2+ Kh1 72. Rxc2 1-0